 Dungeon Crawl Stone Soup version 0.21-a0-39-g28ea6b7 (webtiles) character file.

329 Deemzul the Ducker (level 6, -1/29 HPs)
             Began as a Felid Fighter on May 30, 2017.
             Slain by Prince Ribbit (14 damage)
             ... on level 5 of the Dungeon.
             The game lasted 00:05:03 (4747 turns).

Deemzul the Ducker (Felid Fighter)                  Turns: 4747, Time: 00:05:04

Health: -1/29      AC:  2    Str: 12    XL:     6   Next: 25%
Magic:  6/6        EV: 21    Int: 10    God:
Gold:   45         SH:  0    Dex: 17    Spells: 5/5 levels left
                                        Lives:  0   Deaths: 1

rFire    . . .     SeeInvis +     - Unarmed
rCold    . . .     Gourm    +   (shield unavailable)
rNeg     . . .     Faith    .   (armour unavailable)
rPois    +         Spirit   .   (helmet unavailable)
rElec    .         Reflect  .   (cloak unavailable)
rCorr    .         Harm     .   (gloves unavailable)
MR       +....     Rnd*Rage +   (boots unavailable)
Stlth    +++.......             c - amulet of the gourmand
Regen    0.1/turn               m - ring of protection from magic
MPRegen  0.1/turn               (no ring)

@: quick
A: no armour, no weapons or thrown items, stealth, claws 1, fangs 3, see
invisible, berserk 1, carnivore 3, speed 1, low mp 1, poison resistance, shaggy
fur 2, slow metabolism 1, sharp paws
a: no special abilities


You were on level 5 of the Dungeon.
You were completely stuffed.

You visited 1 branch of the dungeon, and saw 5 of its levels.

You collected 195 gold pieces.
You spent 150 gold pieces at shops.

Inventory:

Jewellery
 c - an amulet of the gourmand (around neck)
 m - a ring of protection from magic (left paw)
 n - a cursed ring of teleportation {unknown}
Scrolls
 d - 3 scrolls of enchant weapon {unknown}
 e - 7 scrolls of identify {unknown}
 g - 7 scrolls of remove curse {unknown}
 h - 2 scrolls of amnesia {unknown}
 l - 3 scrolls of magic mapping {unknown}
 o - 2 scrolls of blinking {unknown}
 q - a scroll of fear {unknown}
Potions
 a - a potion of might
 f - 2 potions of ambrosia
 i - 2 potions of agility
 k - 2 potions of haste {unknown}
 r - a potion of curing
 t - a potion of degeneration {unknown}
Comestibles
 b - 4 meat rations
 j - a chunk of flesh
 p - 3 royal jellies


   Skills:
 + Level 4.3 Fighting
 + Level 5.9 Dodging
 + Level 4.4 Stealth
 * Level 5.9 Unarmed Combat


You had 5 spell levels left.
You didn't know any spells.

Dungeon Overview and Level Annotations

Branches:
Dungeon (5/15)
 Temple: D:4-7

Altars:
Qazlal

Shops:
D:4 ?   D:5 !

Annotations:
D:3 Duffy's ghost, amateur NaFi
D:5 Duvessa; Prince Ribbit


Innate Abilities, Weirdness & Mutations

You cannot wear armour.
You are incapable of wielding weapons or throwing items.
Your paws allow you to move quietly. (Stealth)
You have sharp claws.
You have razor-sharp teeth.
You have supernaturally acute eyesight. (SInv)
You are carnivorous and can eat meat at any time.
You cover ground quickly.
You are covered in thick fur. (AC +2)
You have a slow metabolism.
Your sharp claws are effective at attacking unaware monsters.
You tend to lose your temper in combat.
Your magical capacity is low. (-10% MP)
Your system is resistant to poisons. (rPois)


Message History

Prince Ribbit misses you.
Prince Ribbit is nearby!
You claw Prince Ribbit!
Prince Ribbit is moderately wounded.
Prince Ribbit closely misses you.
You miss Prince Ribbit. Your bite misses Prince Ribbit.
Prince Ribbit is moderately wounded.
Prince Ribbit barely misses you.
You closely miss Prince Ribbit. Your bite misses Prince Ribbit.
Prince Ribbit is moderately wounded.
Prince Ribbit closely misses you.
You barely miss Prince Ribbit. You bite Prince Ribbit.
Prince Ribbit is moderately wounded.
Prince Ribbit hits you.
You are too injured to fight recklessly!
You are too injured to fight recklessly!
You claw Prince Ribbit!
Prince Ribbit is heavily wounded.
Prince Ribbit hits you!
You die...

#...#..#........##'
#...#..#.##'##.....
#..##'##.#†..##'#..
#..#.)#..#.[.#.)#..
#..'..'..#.))#..#..
#..#####.#########.
##..# +..# #..#.
#..# #..# #..#.
#@P# ##.##+###)#.
#.F.# #..........
#...# ....##'#..
#..## ## #..###
#..# #..#.. #..#
#).#.. #..#
#+##'##.. #...
##.....###
............


You could see Prince Ribbit.

Vanquished Creatures
  3 orc priests
  An orc wizard (D:4)
  An iguana (D:4)
  5 worker ants
  A hound zombie (D:5)
  A hound skeleton (D:5)
  4 gnolls
  An adder (D:2)
  2 oozes
  2 worms
  2 dart slugs
  6 leopard geckos
  14 orcs
  A ball python (D:5)
  4 giant cockroaches
  12 goblins
  8 hobgoblins
  3 jackals (D:3)
  2 quokkas
  3 bats
  4 frilled lizards
  14 kobolds
  6 rats
100 creatures vanquished.

Notes
Turn   | Place    | Note
-------+----------+-------------------------------------------
     0 | D:1      | Deemzul the Felid Fighter began the quest for the Orb.
     0 | D:1      | Reached XP level 1. HP: 10/10 MP: 2/2
   328 | D:1      | Reached XP level 2. HP: 9/14 MP: 3/3
  1400 | D:2      | Reached XP level 3. HP: 17/17 MP: 4/4
  1531 | D:3      | Reached skill level 1 in Stealth
  1567 | D:3      | Noticed a two-headed ogre
  1724 | D:3      | Noticed a necrophage
  1982 | D:3      | Noticed Duffy's ghost (amateur NaFi)
  2415 | D:4      | Reached XP level 4. HP: 21/21 MP: 5/5
  2526 | D:4      | Reached skill level 5 in Dodging
  2528 | D:4      | Reached skill level 5 in Unarmed Combat
  2548 | D:4      | Reached XP level 5. HP: 13/25 MP: 6/6
  3023 | D:3      | Found a stormy altar of Qazlal.
  3314 | D:4      | Found Aplaji's Magic Scroll Shop.
  3341 | D:5      | Entered Level 5 of the Dungeon
  3366 | D:5      | Found Zuoki's Distillery.
  3445 | D:5      | Bought a potion of agility for 40 gold pieces
  3445 | D:5      | Bought a potion of curing for 30 gold pieces
  3445 | D:5      | Bought a potion of mutation for 80 gold pieces
  3445 | D:5      | Gained mutation: You tend to lose your temper in combat. [potion of mutation]
  3445 | D:5      | Gained mutation: Your magical capacity is low. (-10% MP) [potion of mutation]
  3445 | D:5      | Gained mutation: Your system is resistant to poisons. (rPois) [potion of mutation]
  3461 | D:5      | Gained mutation: You are covered in thick fur. (AC +2) [Felid growth]
  3461 | D:5      | Reached XP level 6. HP: 28/28 MP: 6/6
  3499 | D:5      | Mangled by an orc
  3500 | D:5      | Reached XP level 5. HP: -7/25 MP: 5/5
  3519 | D:5      | Noticed a phantom
  3783 | D:5      | Noticed Duvessa
  4602 | D:5      | Reached XP level 6. HP: 10/28 MP: 6/6
  4741 | D:5      | Noticed Prince Ribbit
  4747 | D:5      | Slain by Prince Ribbit

Vault maps used:
D:1:      dpeg_arrival_rooms_a, minivault_11
D:2:      first_bread
D:3:      lemuel_doored_altar, grunt_qazlal_clouds
D:4:      serial_shops, shop
D:5:      corexii_shantytown, serial_shops, shop, uniq_prince_ribbit1,
          uniq_duvessa, uniq_crazy_yiuf_cottage, uniq_sigmund

Skill      XL: |  1  2  3  4  5 |
---------------+----------------+-----
Stealth        | 1 2 4 |  4.4
Dodging        | 5 |  5.9
Unarmed Combat | 5 |  5.9
Fighting       | 4 |  4.3

Action                   |  1- 3 |  4- 6 || total
-------------------------+-------+-------++-------
Melee: Unarmed           |    82 |   200 ||   282
       Bite              |     8 |    19 ||    27
       Punch             |     1 |     5 ||     6
  Use: Potion            |       |     3 ||     3
 Stab: Sleeping          |     7 |     9 ||    16
       Distracted        |     1 |     1 ||     2
  Eat: Chunk             |     3 |    17 ||    20
Armor: Skin              |     3 |    14 ||    17
Dodge: Dodged            |    61 |   181 ||   242
